 Dungeon Crawl Stone Soup version 0.24.0-13-gcf9b319 (webtiles) character file.

Game seed: 12334516717692852916, levelgen mode: deterministic

736 Fang the Skirmisher (level 7, -13/44 HPs)
             Began as a Gargoyle Berserker on Nov 12, 2019.
             Was a Priest of Trog.
             Mangled by an ogre
             ... wielding a +0 giant club
              (22 damage)
             ... on level 5 of the Dungeon.
             The game lasted 00:03:47 (3777 turns).

Fang the Skirmisher (Gargoyle Berserker)            Turns: 3777, Time: 00:03:47

Health: -13/44     AC: 19    Str: 22    XL:     7   Next: 74%
Magic:  7/7        EV:  7    Int:  8    God:    Trog [***...]
Gold:   202        SH:  0    Dex:  9    Spells: 6/6 levels left

rFire    . . .     SeeInvis .   a - +0 war axe
rCold    . . .     Gourm    .   (no shield)
rNeg     + . .     Faith    .   b - +0 plate armour
rPois    ∞         Spirit   .   (no helmet)
rElec    +         Reflect  .   (no cloak)
rCorr    .         Harm     .   (no gloves)
MR       ++...                  (no boots)
Stlth    ..........             (no amulet)
HPRegen  1.14/turn              k - +2 ring of protection
MPRegen  0.10/turn              (no ring)

@: berserk cooldown, regenerating, slowed, very slow
A: negative energy resistance 1, electricity resistance, unbreathing,
petrification resistance, rot immunity, AC +4
a: Berserk, Trog's Hand, Renounce Religion


You were on level 5 of the Dungeon.
You worshipped Trog.
Trog was most pleased with you.
You were near starving.

You visited 2 branches of the dungeon, and saw 6 of its levels.

You collected 342 gold pieces.
You spent 140 gold pieces at shops.

Inventory:

Hand Weapons
 a - a +0 war axe (weapon)
 x - a +0 broad axe
Armour
 b - a +0 plate armour (worn)
Jewellery
 k - a +2 ring of protection (left hand)
Wands
 s - a wand of digging (8)
 v - a wand of enslavement (10)
Scrolls
 e - 7 scrolls of teleportation {unknown}
 f - 8 scrolls of remove curse {unknown}
 g - 5 scrolls of magic mapping {unknown}
 i - 9 scrolls of identify {unknown}
 m - a scroll of fear {unknown}
 o - a scroll of fog {unknown}
 q - a scroll of amnesia {unknown}
 r - a scroll of blinking {unknown}
 t - 2 scrolls of noise {unknown}
 u - a scroll of enchant weapon {unknown}
 y - a scroll of summoning {unknown}
Potions
 d - a potion of berserk rage {unknown}
 h - 2 potions of magic {unknown}
 j - 2 potions of haste {unknown}
 l - a potion of flight {unknown}
 n - 4 potions of curing
 p - 2 potions of brilliance {unknown}
Comestibles
 c - 6 rations
 w - 13 chunks of flesh


   Skills:
 + Level 5.6 Fighting
 + Level 4.5 Axes
 + Level 5.0 Armour
 + Level 3.7 Dodging


You had 6 spell levels left.
You didn't know any spells.
Your spell library was empty.

Dungeon Overview and Level Annotations

Branches:
Dungeon (5/15)             Temple (1/1) D:5

Altars:
Fedhas
Gozag
Kikubaaqudgha
Makhleb
Nemelex Xobeh
Okawaru
Qazlal
Sif Muna
Trog
Vehumet
Wu Jian
Yredelemnul
The Shining One

Shops:
D:5 (


Innate Abilities, Weirdness & Mutations

You are resistant to torment.
Your stone body is resilient. (AC +4)
You are immune to poison.
You resist negative energy. (rN+)
You are resistant to electric shocks. (rElec)
You can survive without breathing.
You are immune to petrification.
You are immune to rotting.


Message History

Your plate armour prevents you from hitting the gnoll.
The gnoll is heavily wounded.
You hit the gnoll. You closely miss the gnoll.
The gnoll hits you but does no damage. The gnoll hits you with a +0 halberd.
The gnoll hits you but does no damage. x3
The gnoll hits you from afar with a +1 spear of flaming.
The gnoll burns you. The gnoll hits you but does no damage.
The gnoll closely misses you.
You barely miss the gnoll.
The gnoll is heavily wounded.
Your plate armour prevents you from hitting the gnoll.
You barely miss the ogre.
Your plate armour prevents you from hitting the gnoll.
The gnoll hits you but does no damage. The ogre hits you with a +0 giant club!
* * * LOW HITPOINT WARNING * * *
The gnoll barely misses you. The gnoll hits you but does no damage.
The gnoll closely misses you. The gnoll hits you but does no damage.
The ogre hits you with a +0 giant club!!
Ouch! That really hurt!
You die...

...............).................
≈≈≈≈≈≈≈≈≈≈≈≈....≈≈≈≈≈≈≈≈≈≈≈≈≈≈≈≈≈
≈≈≈≈≈≈≈≈≈≈≈≈....≈≈≈≈≈≈≈≈≈≈≈≈≈≈≈≈≈
≈≈≈≈≈≈≈≈≈≈≈≈....≈≈≈≈≈≈≈≈≈≈≈≈#####
............................#gg.#
############''''#############...#
#....#.......# #+###
...#†..g#O......# #.≈
^.....'...g@ggg....# #.≈
##################'# #.≈ #.≈ #.≈
#.≈ #.≈ #.#.≈ #'###
#############################...#


You could see an ogre and 5 gnolls.

Vanquished Creatures
  Eustachio (D:4)
  A phantom (D:4)
  Blork the orc (D:4)
  A howler monkey (D:5)
  A hound (D:4)
  A centaur zombie (D:5)
  An orc wizard (D:3)
  A gnoll shaman (D:5)
  An iguana (D:5)
  A hound skeleton (D:4)
  5 gnolls (D:5)
  5 adders
  3 oozes (D:3)
  An adder skeleton (D:4)
  A dart slug (D:1)
  4 leopard geckos
  14 orcs
  11 bats
  3 giant cockroaches
  11 goblins
  5 hobgoblins
  16 jackals
  13 kobolds
  A quokka (D:2)
  A ball python (D:2)
  6 frilled lizards
  A leopard gecko skeleton (D:4)
  5 rats
116 creatures vanquished.

Notes
Turn   | Place    | Note
-------+----------+-------------------------------------------
     0 | D:1      | Fang the Gargoyle Berserker began the quest for the Orb.
     0 | D:1      | Reached XP level 1. HP: 14/14 MP: 1/1
   130 | D:1      | Reached XP level 2. HP: 18/19 MP: 2/2
   561 | D:1      | Reached XP level 3. HP: 21/23 MP: 3/3
   692 | D:1      | Reached ** piety under Trog
   921 | D:2      | Found a bloodstained altar of Trog.
  1551 | D:3      | Reached XP level 4. HP: 26/29 MP: 4/4
  1761 | D:3      | Reached XP level 5. HP: 24/33 MP: 5/5
  1926 | D:3      | Reached *** piety under Trog
  2141 | D:3      | Found a sparkling altar of Nemelex Xobeh.
  2284 | D:4      | Noticed Eustachio
  2295 | D:4      | Killed Eustachio
  2295 | D:4      | Reached XP level 6. HP: 40/40 MP: 6/6
  2626 | D:4      | Noticed a phantom
  2665 | D:4      | Killed a phantom
  2665 | D:4      | Reached skill level 5 in Fighting
  2665 | D:4      | Reached XP level 7. HP: 36/44 MP: 7/7
  2677 | D:4      | Found a burning altar of Makhleb.
  2698 | D:4      | Noticed Blork the orc
  2724 | D:4      | Killed Blork the orc
  3173 | D:5      | Entered Level 5 of the Dungeon
  3460 | D:5      | Found a staircase to the Ecumenical Temple.
  3469 | D:5      | Found Emyl's Antique Weapon Shoppe.
  3474 | Temple   | Entered the Ecumenical Temple
  3487 | D:5      | Bought a broad axe for 140 gold pieces
  3763 | D:5      | Reached skill level 5 in Armour
  3777 | D:5      | Mangled by an ogre

Levels and vault maps discovered:
D:1:      nagdon_arrival_double_spiral, layout_basic
D:2:      layout_loops_cross, lemuel_doored_altar,
          hangedman_abyss_or_decor_stabs
D:3:      layout_rooms, serial_rivers, chequers_serial_rivers_large_b,
          chequers_serial_rivers_marsh, chequers_serial_rivers_micro_b,
          chequers_serial_rivers_micro_a, st_stairs_9, nemelex_dance_club_becter
D:4:      layout_loops_ring, first_ration, minmay_misc_feat_cross,
          bloody_makhleb, uniq_eustachio, uniq_blork_the_orc
D:5:      lemuel_castle_with_subvaults [lemuel_castle_interior_carwin_3],
          layout_gridville, minmay_temple_entry_offerings, serial_shops,
          nicolae_shop_stone
Temple:   minmay_freezing_vapour_temple

Skill      XL: |  1  2  3  4  5  6  7 |
---------------+----------------------+-----
Axes           | 3 4 |  4.5
Dodging        | 2 3 |  3.7
Armour         | 3 4 5 |  5.0
Fighting       | 4 5 |  5.6

Action                   |  1- 3 |  4- 6 |  7- 9 || total
-------------------------+-------+-------+-------++-------
Melee: Hand axe          |   125 |       |       ||   125
       War axe           |    22 |   177 |   123 ||   322
       Unarmed           |     2 |       |       ||     2
Invok: Berserk           |       |     1 |     2 ||     3
       Trog's Hand       |       |     1 |     1 ||     2
 Stab: Sleeping          |     1 |       |       ||     1
  Eat: Chunk             |     2 |     5 |     5 ||    12
Armor: Animal skin       |    51 |       |       ||    51
       Plate armour      |    38 |   176 |   138 ||   352
Dodge: Dodged            |   102 |    98 |   103 ||   303
